 Dungeon Crawl Stone Soup version 0.20.0-8-g6b59dc7 (webtiles) character file.

18 Kosschaser the Sneak (level 2, -2/14 HPs)
             Began as a Vine Stalker Enchanter on June 1, 2017.
             Slain by a jackal (3 damage)
             ... on level 1 of the Dungeon.
             The game lasted 00:04:02 (674 turns).

Kosschaser the Sneak (Vine Stalker Enchanter)        Turns: 674, Time: 00:04:03

Health: -2/14      AC:  2    Str: 10    XL:     2   Next: 70%
Magic:  0/6        EV: 12    Int: 15    God:
Gold:   14         SH:  0    Dex: 14    Spells: 2/5 levels left

rFire    . . .     SeeInvis .   h - +1 short sword (drain)
rCold    . . .     Gourm    .   (no shield)
rNeg     . . .     Faith    .   b - +0 robe
rPois    .         Spirit   +   (no helmet)
rElec    .         Reflect  .   (no cloak)
rCorr    .         Harm     .   (no gloves)
MR       .....                  (no boots)
Stlth    +++.......             (no amulet)
Regen    0.1/turn               (no ring)
MPRegen  0.1/turn               (no ring)

@: no status effects
A: fangs 2, magic shield, antimagic bite, no potion heal 3, rot immunity
a: no special abilities


You were on level 1 of the Dungeon.
You were not hungry.

You visited 1 branch of the dungeon, and saw 1 of its levels.

You collected 14 gold pieces.

Inventory:

Hand Weapons
 h - a +1 short sword of draining (weapon)
Armour
 b - a +0 robe (worn)
Scrolls
 f - a scroll of identify {unknown}
 g - a scroll of remove curse {unknown}
Potions
 e - a potion of lignification {unknown}
Books
 c - a book of Maledictions

   Spells                             Type                      Level
   a - Corona                         Hexes                        1
   b - Ensorcelled Hibernation        Hexes/Ice                    2
   c - Confuse                        Hexes                        3
   d - Tukima's Dance                 Hexes                        3
   e - Dazzling Spray                 Conjuration/Hexes            3
Comestibles
 d - a bread ration


   Skills:
 + Level 0.3 Fighting
 + Level 0.8 Short Blades
 + Level 1.7 Dodging
 + Level 4.1 Stealth
 + Level 2.2 Spellcasting
 + Level 3.3 Hexes
 + Level 0.2 Ice Magic


You had 2 spell levels left.
You knew the following spells:

 Your Spells              Type           Power        Failure   Level  Hunger
a - Corona                Hex            ##.....      5%          1    #......
b - Ensorcelled Hibernat  Hex/Ice        #.....       16%         2    ###....


Dungeon Overview and Level Annotations

Branches:
Dungeon (1/15)

Altars:


Innate Abilities, Weirdness & Mutations

You have extremely sharp teeth.
When hurt, damage is shared between your health and your magic reserves.
Your bite disrupts and absorbs the magic of your enemies.
Potions cannot restore your health.
You are immune to rotting.


Message History

You hit the jackal but do no damage. You drain the jackal!
Your bite misses the jackal.
The jackal is almost dead.
The jackal bites you.
* * * LOW HITPOINT WARNING * * *
The jackal closely misses you.
You hit the jackal but do no damage. You drain the jackal!
You kill the jackal!
The jackal bites you.
* * * LOW HITPOINT WARNING * * *
You see here a jackal corpse.
The jackal bites you but does no damage.
The jackal barely misses you. The jackal barely misses you.
The jackal closely misses you. The jackal bites you.
* * * LOW HITPOINT WARNING * * *
The jackal bites you. The jackal bites you.
You die...

.#.###.#♣♣♣♣#.#### #...
.#...#.#....#....# #######...
...............♣♣♣♣♣♣♣♣♣.....+...
####.#+#..................####...
..........#####♣♣♣♣♣♣♣♣♣#.####...
.####.....# #.....#............
.# #.....#####.###.#.###.#####..
.########.........#.#.# #.# #..
...............h@.....# #.# #..
#####################.# #.# #..
#......<......#.# #.# #..
#.............#.# #.# ###
##...#####...##.###.# #. #...##
##...##..##.# ## ##...#
#...###.....# #.. #...###...#
##....# ##.# ##...#...##
##...###...


You could see a jackal.

Vanquished Creatures
  2 goblins (D:1)
  4 hobgoblins (D:1)
  5 jackals (D:1)
  2 kobolds (D:1)
  A bat (D:1)
  A frilled lizard (D:1)
15 creatures vanquished.

Notes
Turn   | Place    | Note
-------+----------+-------------------------------------------
     0 | D:1      | Kosschaser the Vine Stalker Enchanter began the quest for the Orb.
     0 | D:1      | Reached XP level 1. HP: 9/9 MP: 4/4
    69 | D:1      | Reached XP level 2. HP: 10/13 MP: 4/6
   407 | D:1      | Learned a level 2 spell: Ensorcelled Hibernation
   423 | D:1      | Reached skill level 4 in Stealth
   674 | D:1      | Slain by a jackal

Skill      XL: |  1  2 |
---------------+-------+-----
Stealth        | 4 |  4.1
Fighting       | |  0.3
Short Blades   | |  0.8
Dodging        | |  1.7
Spellcasting   | |  2.2
Hexes          | |  3.3
Ice Magic      | |  0.2

Action                   || total
-------------------------++-------
Melee: Dagger            ||    57
       Bite              ||    11
       Short sword       ||     7
 Cast: Ensorcelled Hiber ||     5
 Stab: Sleeping          ||     3
Armor: Robe              ||    14
Dodge: Dodged            ||    46
